Map: Dusk Towers

Players

MasterLaw

  • Race: Zerg Zerg
  • League: Diamond

BUSDRIVER - Winner!

  • Race: Protoss Protoss
  • League: Diamond

VOD

Have the link to the VOD?

Description

I was all over the map.

Time

  • Played on: April 2, 2016, 4:30 p.m.
  • Length: 14:48
Show
View Real Time Build Order
Export as new Build Order

MasterLaw Zerg 

Build Orders: 3 Hatch before Pool 

Get SALT Encoding   

  12  0:02  Drone  
  13  0:12  Overlord  
  13  0:17  Drone  
  14  0:25  Extractor  
  14  0:26  Drone  
  15  0:30  Drone  
  15  0:35  Drone  
  17  0:48  Drone  
  18  0:59  Hatchery  
  17  1:07  Drone  
  18  1:20  Hatchery  
  18  1:25  Drone x2  
  19  1:38  Spawning Pool  
  18  1:42  Drone  
  18  1:44  Drone  
  20  1:49  Drone  
  21  2:11  Extractor  
  20  2:18  Overlord  
  20  2:29  Queen  
  20  2:30  Queen  
  20  2:31  Drone  
  20  2:32  Drone x5  
  20  2:37  Extractor, Drone  
  31  2:44  Drone x2  
  32  2:49  Drone  
  33  2:57  Drone  
  33  2:58  Drone x2  
  36  3:02  Queen  
  38  3:08  Drone x3  
  41  3:15  Drone  
  42  3:23  Metabolic Boost  
  42  3:35  Overlord x2  
  42  3:42  Overlord  
  42  3:49  Lair  
  42  3:53  Queen  
  42  3:55  Drone x6  
  49  3:56  Overlord, Drone x3  
  53  4:05  Drone  
  53  4:06  Drone x4  
  53  4:09  Spore Crawler  
  57  4:14  Evolution Chamber  
  57  4:15  Evolution Chamber  
  55  4:19  Drone  
  55  4:20  Drone x4  
  60  4:29  Spore Crawler  
  59  4:34  Hatchery  
  58  4:41  Drone x8  
  58  4:42  Drone x2  
  68  4:47  Extractor  
  68  4:48  Extractor  
  66  4:53  Spore Crawler  
  66  4:55  Spore Crawler  
  66  4:57  Spore Crawler  
  63  5:02  Spore Crawler, Zergling x2  
  63  5:03  Zergling x14  
  63  5:04  Zergling x2  
  71  5:13  Zerg Melee Weapons Level 1  
  72  5:21  Drone x3  
  72  5:22  Overlord x2  
  72  5:23  Overlord  
  72  5:27  Hydralisk Den  
  73  5:40  Pneumatized Carapace, Queen  
  75  5:44  Overseer  
  75  5:47  Extractor  
  75  5:48  Extractor  
  70  6:14  Spore Crawler  
  70  6:16  Spore Crawler  
  64  6:18  Spore Crawler  
  64  6:19  Spore Crawler  
  64  6:22  Spore Crawler  
  64  6:23  Drone x4  
  64  6:24  Drone x6  
  64  6:25  Drone  
  74  6:27  Lair  
  74  6:28  Hydralisk x4  
  74  6:29  Hydralisk  
  74  6:31  Drone  
  83  6:39  Drone x3  
  82  6:44  Hatchery  
  81  6:49  Drone x4  
  81  6:50  Drone x3  
  88  6:57  Spore Crawler  
  88  6:59  Spore Crawler, Drone  
  88  7:00  Drone x6  
  93  7:15  Spore Crawler  
  92  7:16  Spore Crawler  
  92  7:20  Spore Crawler  
  79  7:33  Drone  
  79  7:34  Drone x8  
  79  7:35  Drone x2  
  90  7:45  Spire  
  90  7:47  Spire  
  90  7:50  Zergling x2  
  91  7:51  Zergling x8  
  93  8:09  Hydralisk Den, Extractor  
  93  8:11  Extractor  
  87  8:39  Overlord x2  
  87  8:40  Overlord x4  
  87  8:59  Hatchery  
  86  9:06  Corruptor x8  
  86  9:07  Corruptor x3  
  108  9:10  Hatchery  
  108  9:13  Overlord x4  
  105  9:35  Zerg Flyer Armor Level 1, Zerg Flyer Weapons Level 1  
  105  9:45  Evolution Chamber  
  105  9:47  Corruptor x2  
  108  10:02  Corruptor x2  
  113  10:16  Spawning Pool  
  112  10:27  Hatchery  
  111  10:38  Corruptor x4  
  119  10:47  Hatchery  
  118  11:05  Extractor, Drone x13  
  118  11:06  Drone x4  
  118  11:09  Extractor  
  133  11:21  Hatchery  
  132  11:33  Corruptor x4  
  140  11:44  Zergling x4  
  134  12:01  Corruptor x3  
  126  12:37  Hatchery  
  125  12:51  Hatchery  
  112  12:55  Corruptor x4  
  112  12:56  Zergling x2  
  85  13:31  Hydralisk x3  
  88  13:34  Extractor  
  88  13:37  Extractor  
Show
View Real Time Build Order
Export as new Build Order

BUSDRIVER Protoss - Winner!

Build Orders: 1 Gate Expand 

Get SALT Encoding   

  12  0:01  Probe (Chrono Boost)  
  13  0:11  Probe (Chrono Boost)  
  14  0:22  Probe (Chrono Boost)  
  14  0:24  Pylon  
  16  0:42  Gateway  
  16  0:43  Probe (Chrono Boost)  
  16  0:53  Probe (Chrono Boost)  
  17  0:58  Assimilator  
  17  1:03  Assimilator  
  17  1:04  Probe (Chrono Boost)  
  18  1:14  Probe (Chrono Boost)  
  19  1:25  Probe (Chrono Boost)  
  20  1:34  Nexus  
  20  1:35  Probe (Chrono Boost)  
  21  1:46  Probe (Chrono Boost)  
  22  1:52  Cybernetics Core  
  22  1:56  Probe (Chrono Boost)  
  23  2:11  Pylon  
  23  2:24  Assimilator  
  23  2:29  Stalker  
  26  2:30  Probe (Chrono Boost)  
  26  2:40  Probe (Chrono Boost)  
  27  2:46  Probe (Chrono Boost)  
  27  2:51  Probe (Chrono Boost)  
  29  2:53  Pylon  
  29  2:57  Probe (Chrono Boost)  
  30  3:01  Probe (Chrono Boost)  
  31  3:07  Probe (Chrono Boost)  
  31  3:12  Mothership Core (Chrono Boost)  
  34  3:15  Stargate  
  34  3:18  Probe (Chrono Boost)  
  35  3:28  Probe (Chrono Boost)  
  35  3:30  Probe (Chrono Boost)  
  35  3:32  Stargate  
  37  3:35  Stargate  
  37  3:39  Probe (Chrono Boost)  
  38  3:42  Assimilator  
  38  3:44  Probe (Chrono Boost)  
  39  3:49  Probe (Chrono Boost)  
  39  3:54  Forge  
  40  4:04  Oracle  
  43  4:15  Pylon  
  43  4:16  Probe (Chrono Boost)  
  43  4:17  Probe (Chrono Boost)  
  45  4:18  Pylon  
  45  4:24  Oracle (Chrono Boost)  
  45  4:25  Oracle (Chrono Boost)  
  45  4:27  Probe (Chrono Boost)  
  52  4:35  Photon Cannon  
  52  4:39  Photon Cannon  
  52  4:50  Oracle (Chrono Boost)  
  52  4:51  Probe x2  
  57  5:02  Pylon  
  57  5:03  Probe  
  57  5:05  Pylon  
  57  5:06  Oracle (Chrono Boost)  
  61  5:12  Oracle (Chrono Boost)  
  64  5:20  Pylon  
  64  5:28  Photon Cannon  
  64  5:44  Void Ray (Chrono Boost)  
  64  5:49  Void Ray x2 (Chrono Boost)  
  76  5:54  Probe  
  76  5:55  Probe  
  78  6:07  Probe  
  79  6:21  Void Ray (Chrono Boost)  
  83  6:27  Void Ray (Chrono Boost)  
  83  6:32  Void Ray (Chrono Boost)  
  91  6:45  Photon Cannon  
  91  6:49  Photon Cannon  
  91  6:50  Probe  
  91  6:52  Robotics Facility  
  92  6:55  Photon Cannon  
  92  7:09  Nexus  
  92  7:18  Pylon  
  92  7:20  Pylon  
  92  7:27  Void Ray (Chrono Boost)  
  87  7:38  Void Ray (Chrono Boost)  
  87  7:41  Assimilator  
  87  7:44  Void Ray (Chrono Boost)  
  95  7:47  Assimilator  
  95  7:51  Photon Cannon  
  95  8:09  Void Ray (Chrono Boost)  
  99  8:15  Void Ray (Chrono Boost)  
  103  8:24  Photon Cannon  
  103  8:26  Void Ray (Chrono Boost)  
  107  8:27  Photon Cannon  
  107  8:46  Photon Cannon  
  107  8:48  Probe  
  108  8:53  Void Ray x2 (Chrono Boost)  
  116  9:00  Probe  
  116  9:01  Robotics Bay  
  116  9:02  Probe  
  117  9:09  Void Ray (Chrono Boost)  
  122  9:13  Probe  
  123  9:28  Robotics Facility  
  123  9:32  Robotics Facility  
  123  9:34  Pylon  
  123  9:41  Probe  
  124  9:49  Extended Thermal Lance  
  124  9:53  Probe  
  125  10:05  Probe  
  132  10:23  Pylon  
  132  10:25  Pylon  
  132  10:26  Pylon  
  132  10:31  Pylon  
  132  10:33  Photon Cannon  
  138  10:52  Void Ray x2 (Chrono Boost)  
  138  10:55  Immortal x2  
  146  10:57  Void Ray (Chrono Boost)  
  146  11:29  Void Ray (Chrono Boost)  
  150  11:34  Immortal x2  
  150  11:35  Photon Cannon  
  150  11:39  Photon Cannon  
  162  11:40  Void Ray (Chrono Boost)  
  162  11:41  Photon Cannon  
  162  11:43  Nexus  
  162  11:48  Photon Cannon  
  145  12:55  Void Ray (Chrono Boost)  
  141  13:02  Void Ray (Chrono Boost)  
  141  13:05  Void Ray (Chrono Boost)  
Tags
 
Add a new tag
Caveats
  • Supply blocks, unpowered buildings, or Contaminate may cause inaccurate times.
  • Supply counts are checked every 10 seconds.